 Dungeon Crawl Stone Soup version 0.31-a0-703-gcfe89afef6 (webtiles) character file.

Game seed: 16446282463812575759

3706 randomguy2701 the Cleaver (level 10, -10/80 (86) HPs)
             Began as a Hill Orc Fighter on Sept 9, 2023.
             Was a Priest of Beogh.
             Shot with an arrow by a centaur (12 damage)
             ... on level 8 of the Dungeon.
             The game lasted 00:11:24 (6659 turns).

randomguy2701 the Cleaver (Hill Orc Fighter)        Turns: 6659, Time: 00:11:25

HP:   -10/80 (86)   AC: 10    Str: 22    XL:     10   Next: 14%
MP:   13/13         EV: 11    Int:  8    God:    Beogh [***...]
Gold: 422           SH:  6    Dex: 18    Spells: 9/9 levels left

rFire   . . .        J - +0 war axe (flame)
rCold   . . .        c - +0 buckler
rNeg    . . .        b - +0 scale mail
rPois   .            C - +1 helmet
rElec   .            (no cloak)
rCorr   .            (no gloves)
SInv    .            (no boots)
Will    .....        h - amulet of regeneration Stlth
                     n - +6 ring of dexterity
HPRegen 1.13/turn    p - ring of flight
MPRegen 0.13/turn

%: no passive effects
@: mighty, flying, studying Ranged Weapons, drained
A: no striking features
a: Renounce Religion, Smiting


You were on level 8 of the Dungeon.
You worshipped Beogh.
Beogh was most pleased with you.
You visited 1 branch of the dungeon, and saw 8 of its levels.

You collected 422 gold pieces.

Inventory:

Hand Weapons
 a - a +0 war axe
 v - a +0 orcbow of flaming
 J - a +0 war axe of flaming (weapon)
Missiles
 u - a throwing net
Armour
 b - a +0 scale mail (worn)
 c - a +0 buckler (worn)
 C - a +1 helmet (worn)
Jewellery
 h - an amulet of regeneration (around neck)
 j - a ring of magical power
 n - a +6 ring of dexterity (left hand)
 p - a ring of flight (right hand)
 H - an amulet of reflection
Wands
 B - a wand of flame (25)
 G - a wand of polymorph (12)
Scrolls
 e - a scroll of immolation {unknown}
 k - a scroll of butterflies {unknown}
 l - a scroll of acquirement {unknown}
 m - a scroll of enchant weapon {unknown}
 s - 2 scrolls of amnesia
 t - 2 scrolls of noise
 w - a scroll of revelation {unknown}
 y - a scroll of teleportation {unknown}
 z - a scroll of fog {unknown}
 F - 3 scrolls of identify
 I - a scroll of brand weapon {unknown}
Potions
 d - 3 potions of might
 f - a potion of degeneration {unknown}
 g - a potion of lignification {unknown}
 i - a potion of mutation {unknown}
 o - a potion of brilliance
 q - a potion of ambrosia {unknown}
 r - 3 potions of curing
 x - 2 potions of berserk rage {unknown}
 A - 2 potions of resistance {unknown}
 D - a potion of haste {unknown}
 E - a potion of attraction {unknown}


   Skills:
 + Level 7.4 Fighting
 + Level 10.6 Axes
 + Level 4.5 Ranged Weapons
 + Level 8.4 Armour
 + Level 3.2 Dodging
 + Level 0.7 Stealth
 + Level 5.7 Shields
 * Level 4.2 Invocations


You had 9 spell levels left.
You didn't know any spells.
Your spell library contained the following spells:

 Spells                   Type           Power      Damage    Failure   Level
 Sting                    Tmut/Pois      0%         1d3       77%         1
 Poisonous Vapours        Pois/Air       0%         N/A       88%         2
 Dazzling Flash           Conj/Hex       0%         N/A       98%         3
 Volatile Blastmotes      Fire/Tloc      0%         2d10      98%         3
 Olgreb's Toxic Radiance  Pois           0%         N/A       100%        4
 Starburst                Conj/Fire      0%         6d3       100%        6
 Maxwell's Capacitive Co  Air            0%         ∞         100%        8


Dungeon Overview and Level Annotations

Branches:
Dungeon (8/15)             Temple (0/1) D:6
   Lair: D:8-11

Altars:
Fedhas
Kikubaaqudgha
Nemelex Xobeh
Trog
Wu Jian
Yredelemnul
The Shining One

Annotations:
D:7 2 transporters, randomguy2701's ghost, novice HOFi
D:8 Joseph


Message History

The centaur shoots an arrow.
You block the arrow. The wight hits you with a +4 hand axe.
* * * LOW HITPOINT WARNING * * *
A kobold comes into view. It is wielding a +0 club.
The centaur shoots an arrow.
You block the arrow.
You hear a shout!
You hear a shout!
The centaur shoots an arrow.
You block the arrow. The wight attacks as it pursues you!
The wight completely misses you. The wight attacks as it pursues you!
The wight barely misses you.
The orc shouts!
You hear an angry buzzing noise.
You hit the orc. You burn the orc.
The orc is heavily wounded.
You barely miss the wight. You block the orc's attack.
The wight barely misses you.
You slash the orc! You burn the orc.
You kill the orc!
Beogh accepts your kill.
You slash the wight! You burn the wight. The wight hits you with a +4 hand axe.
* * * LOW HITPOINT WARNING * * *
Things that are here:
a +0 whip; a +0 scale mail; an orc corpse The wight attacks as it pursues you!
The wight hits you with a +4 hand axe!
* * * LOW HITPOINT WARNING * * *
You feel drained.
You hit the wight but do no damage.
The wight is severely damaged.
The wight hits you but does no damage.
You slice the wight!! You burn the wight.
You destroy the wight!
Beogh accepts your kill.
The centaur shoots an arrow.
The arrow barely misses you.
The centaur shoots an arrow.
The arrow hits you.
* * * LOW HITPOINT WARNING * * *
The centaur shoots an arrow.
The arrow hits you but does no damage.
The centaur shoots an arrow.
The arrow barely misses you.
The centaur shoots an arrow.
The arrow hits you!
* * * LOW HITPOINT WARNING * * *
The centaur shoots an arrow.
The arrow hits you!
You die...

......y ### ....... ..###
....... #####.... ##..
.......
........#######.....
......y ...............
...# ......y
........###..#
#..#####...##
#######.z#..#####....#...
#zc....@.##......... ##
####.######...........)
.. ##....##........<#.#
#.##..#####.......<.#.#
###....##
#...#####.#.###..
#.....)#
#...#.#.#........
#.####.#
#..[.#.#....###.. . #..
#..8.#8#.8...# .#.#
##...#.#...##.#


You could see a centaur and 2 wights.

Vanquished Creatures
  Maggie (D:8)
  An unseen horror (D:6)
  A troll (D:6)
  Sigmund (D:5)
  A steam dragon (D:7)
  Edmund (D:5)
  3 water moccasins
  A sky beast (D:7)
  2 black bears (D:5)
  An ice beast (D:8)
  2 ogres
  2 centaurs
  A kobold brigand (D:7)
  A bullfrog (D:6)
  3 scorpions
  2 wights (D:8)
  3 killer bees (D:8)
  3 electric eels (D:7)
  3 howler monkeys
  2 orc priests (D:6)
  A gnoll bouda (D:5)
  Terence (D:2)
  3 sleepcaps
  Ijyb (D:5)
  3 iguanas
  3 orc wizards (D:5)
  Robin (D:2)
  10 gnolls
  9 adders
  4 white imps
  2 ufetubi
  2 worms
  2 dart slugs
  31 orcs
  4 bats
  3 endoplasms
  A giant cockroach (D:3)
  13 goblins
  14 hobgoblins
  11 kobolds
  2 quokkas
  9 ball pythons
  5 frilled lizards
  4 rats
174 creatures vanquished.

Vanquished Creatures (others)
  An orc (D:7)
1 creature vanquished.

Grand Total: 175 creatures vanquished

Notes
Turn   | Place    | Note
-------+----------+-------------------------------------------
     0 | D:1      | randomguy2701 the Hill Orc Fighter began the quest for the
                  | Orb.
     0 | D:1      | Reached XP level 1. HP: 19/19 MP: 1/1
   187 | D:1      | Reached XP level 2. HP: 22/27 MP: 2/2
   545 | D:2      | Noticed Terence
   553 | D:2      | Killed Terence
   554 | D:2      | Reached skill level 3 in Axes
   554 | D:2      | Reached XP level 3. HP: 5/33 MP: 3/3
   677 | D:2      | Noticed Robin
   701 | D:2      | Killed Robin
   702 | D:2      | Reached XP level 4. HP: 8/40 MP: 4/4
   855 | D:2      | Reached skill level 4 in Axes
  1270 | D:2      | Reached XP level 5. HP: 42/46 MP: 5/5
  1924 | D:3      | Became a worshipper of Beogh the Brigand
  1997 | D:3      | Found a sparkling altar of Nemelex Xobeh.
  2040 | D:3      | Reached skill level 5 in Axes
  2522 | D:4      | Reached skill level 6 in Axes
  2522 | D:4      | Reached XP level 6. HP: 49/53 MP: 6/6
  2733 | D:4      | Reached * piety under Beogh
  2744 | D:4      | Reached skill level 1 in Dodging
  3167 | D:5      | Entered Level 5 of the Dungeon
  3213 | D:5      | Reached XP level 7. HP: 40/60 MP: 7/7
  3298 | D:5      | Noticed Sigmund
  3313 | D:5      | Killed Sigmund
  3314 | D:5      | Reached skill level 7 in Axes
  3372 | D:5      | Reached skill level 5 in Fighting
  3434 | D:5      | Reached skill level 8 in Axes
  3527 | D:5      | Found an ancient bone altar of Kikubaaqudgha.
  3541 | D:5      | Noticed Edmund
  3559 | D:5      | Killed Edmund
  3560 | D:5      | Reached skill level 5 in Armour
  3560 | D:5      | Reached XP level 8. HP: 59/69 MP: 8/8
  3829 | D:5      | Found a bloodstained altar of Trog.
  3837 | D:5      | Reached skill level 5 in Shields
  3886 | D:5      | Noticed Ijyb
  3901 | D:5      | Killed Ijyb
  3913 | D:5      | Reached skill level 9 in Axes
  4265 | D:6      | Found a staircase to the Ecumenical Temple.
  4359 | D:6      | Found a basalt altar of Yredelemnul.
  4561 | D:6      | Reached ** piety under Beogh
  4945 | D:6      | Killed an unseen horror
  4946 | D:6      | Reached XP level 9. HP: 36/78 MP: 9/9
  5074 | D:6      | Found a blossoming altar of Fedhas.
  5240 | D:6      | Found a glowing golden altar of the Shining One.
  5430 | D:6      | Noticed a troll
  5449 | D:6      | Killed a troll
  5657 | D:7      | Found an ornate altar of the Wu Jian Council.
  5679 | D:7      | Reached skill level 1 in Invocations
  5792 | D:7      | Reached skill level 10 in Axes
  5910 | D:7      | Reached skill level 1 in Ranged Weapons
  6133 | D:7      | Identified the +0 ring mail "Cobi" {rC++ Regen+}
  6164 | D:7      | Found a transporter.
  6177 | D:7      | Noticed randomguy2701's ghost (novice HOFi)
  6210 | D:7      | Found a transporter.
  6541 | D:8      | Noticed Joseph
  6594 | D:8      | Noticed Maggie
  6609 | D:8      | Killed Maggie
  6610 | D:8      | Reached XP level 10. HP: 38/86 MP: 12/12
  6627 | D:8      | Reached *** piety under Beogh
  6658 | D:8      | HP: 1/80 [centaur/arrow (10)]
  6659 | D:8      | Shot with an arrow by a centaur

Illustrated notes

Levels and vault maps discovered:
D:1:      kennysheep_arrival_seaside, layout_rooms
D:2:      layout_basic, uniq_terence, uniq_robin
D:3:      layout_loops_corners, old_standard_altar
D:4:      layout_basic, nicolae_overflow_hidden_temple
D:5:      layout_loops_cross, trog_ov_bears_minmay, kennysheep_little_box,
          uniq_sigmund, uniq_edmund, uniq_ijyb
D:6:      layout_loops_cross, mainiacjoe_overflow_concentric_impassable,
          mainiacjoe_overflow_tiny_flanked, marbit_many_paths,
          minmay_temple_entry_arrows, minmay_manual_mullet
D:7:      layout_loops_ring, mainiacjoe_overflow_paths,
          gammafunk_ghost_stat_death, kennysheep_cross_room
D:8:      layout_rooms, lemuel_tele_altar, minitemple, enter_bailey_5,
          nicolae_twisty_statue_hallways, uniq_joseph, uniq_maggie

Skill      XL: |  1  2  3  4  5  6  7  8  9 10 |
---------------+-------------------------------+-----
Axes           | 3 4 6 8 9 10 | 10.6
Fighting       | 4 5 6 7 |  7.4
Shields        | 4 5 |  5.7
Armour         | 4 5 7 8 |  8.4
Dodging        | 1 2 3 |  3.2
Invocations    | 3 4 |  4.2
Ranged Weapons | 4 |  4.5
Stealth        | |  0.7

Action                     |  1- 3 |  4- 6 |  7- 9 | 10-12 || total
---------------------------+-------+-------+-------+-------++-------
  Melee: War axe           |    59 |   198 |   318 |    16 ||   591
   Fire: Orcbow            |       |       |    76 |       ||    76
 Invoke: Convert to Beogh  |       |     1 |       |       ||     1
    Use: Scroll            |       |       |     5 |       ||     5
         Potion            |       |       |     2 |       ||     2
 Armour: Scale mail        |    41 |   142 |   383 |    26 ||   592
  Dodge: Dodged            |    27 |    95 |   182 |    11 ||   315
  Block: Buckler           |    20 |    52 |    86 |     8 ||   166

Table legend: (Time is in decaauts)
 A = Elapsed time spent in this place.
 B = Non-inter-level travel time spent in this place.
 C = Inter-level travel time spent in this place.
 D = Time resting spent in this place.
 E = Time spent auto-exploring this place.
 F = Levels seen in this place.
 G = Mean time per level.
                   A        B        C        D        E       F      G
               +--------+--------+--------+--------+--------+-----+--------+
         Total |   6808 |   6353 |    455 |      0 |   4878 |   8 |  851.0 |
       Dungeon |   6808 |   6353 |    455 |      0 |   4878 |   8 |  851.0 |
               +--------+--------+--------+--------+--------+-----+--------+

Top non-repeatable levels by time:
     D:6: 1189 daAuts
     D:5: 1162 daAuts
     D:2: 1034 daAuts
     D:3: 995 daAuts
     D:7: 993 daAuts
     D:4: 784 daAuts
     D:1: 573 daAuts
     D:8: 75 daAuts
